 Dungeon Crawl Stone Soup version 0.29-a0-598-gd8304a5bf4 (webtiles) character file.

Game seed: 13574986038979675709

25 DocClef the Skirmisher (level 2, -1/28 HPs)
             Began as a Draconian Fighter on June 16, 2022.
             Slain by a goblin
             ... wielding a +0 dagger
              (3 damage)
             ... on level 1 of the Dungeon.
             The game lasted 00:00:40 (846 turns).

DocClef the Skirmisher (Draconian Fighter)           Turns: 846, Time: 00:00:41

Health: -1/28      AC:  4    Str: 18    XL:     2   Next: 82%
Magic:  2/2        EV: 11    Int:  8    God:
Gold:   16         SH:  4    Dex: 10    Spells: 1/1 levels left

rFire   . . .      SeeInvis .   a - +0 war axe
rCold   . . .      Faith    .   b - +0 buckler
rNeg    . . .      Spirit   .   (body armour unavailable)
rPois   .          Reflect  .   (helmet restricted)
rElec   .          Harm     .   (no cloak)
rCorr   .          Rampage  .   (no gloves)
Will    .....                   (no boots)
Stlth   +.........              (no amulet)
HPRegen 0.09/turn               (no ring)
MPRegen 0.08/turn               (no ring)

@: slowed, very slow
A: AC +4, unfitting armour, cold-blooded
a: no special abilities


You were on level 1 of the Dungeon.
You visited 1 branch of the dungeon, and saw 1 of its levels.

You collected 16 gold pieces.

Inventory:

Hand Weapons
 a - a +0 war axe (weapon)
Armour
 b - a +0 buckler (worn)
Jewellery
 f - a ring of positive energy
Scrolls
 i - a scroll of identify {unknown}
Potions
 c - a potion of might
 d - 2 potions of ambrosia {unknown}
 e - a potion of magic {unknown}
 g - 2 potions of haste {unknown}
 h - a potion of heal wounds {unknown}
 j - a potion of berserk rage {unknown}


   Skills:
 + Level 4.5 Fighting
 - Level 2.0 Axes
 - Level 2.6 Dodging
 - Level 3.0 Shields


You had one spell level left.
You didn't know any spells.
Your spell library was empty.

Dungeon Overview and Level Annotations

Branches:
Dungeon (1/15)

Altars:


Innate Abilities, Weirdness & Mutations

Your plain brown scales are hard. (AC +4)
You cannot fit into any form of body armour.
You are cold-blooded and may be slowed by cold attacks.


Message History

You hit the jackal.
You kill the jackal!
You barely miss the jackal. You hit the jackal. You block the jackal's attack.
The jackal bites you.
The jackal bites you but does no damage.
The jackal closely misses you.
You hit the jackal.
You kill the jackal!
You barely miss the goblin. You completely miss the jackal.
The jackal closely misses you. The goblin hits you with a +0 dagger.
The jackal closely misses you. You block the goblin's attack.
The endoplasm barely misses you.
You slash the jackal!
You kill the jackal!
You closely miss the goblin. You hit the endoplasm but do no damage.
The endoplasm freezes you.
You are frozen.
The goblin hits you with a +0 dagger.
You are too injured to fight recklessly!
Unknown command.
You are too injured to fight recklessly!
You barely miss the goblin.
Your tail-slap misses the goblin.
You hit the endoplasm. The endoplasm freezes you.
You are frozen.
You feel yourself slow down. The goblin closely misses you.
The endoplasm freezes you.
You are frozen.
* * * LOW HITPOINT WARNING * * *
You block the goblin's attack.
You hit the goblin.
You tail-slap the goblin, but do no damage.
The goblin is severely wounded.
You closely miss the quokka. You completely miss the endoplasm.
The quokka closely misses you. The endoplasm barely misses you.
The goblin closely misses you.
The quokka bites you but does no damage.
The endoplasm freezes you.
You are frozen.
* * * LOW HITPOINT WARNING * * *
The goblin hits you with a +0 dagger.
You die...

.... ....... #.# ...$...
... ....... .... .......
.... ....... #.###
###....## .....!
......Jr# ..##.# #
#.#.#.#@# #..#
..+...........wg.## #..#
..#.#.#.#.#.#.#.#.# #..#
..................####..#
#..#.#.#.#.#.#.#.#..##..#
#....................#..#
..#.#.#.#.#.#.#.#.#..#..#
........................#
.#.#.#.#.#.#.#.#.#.#.##.#


You could see a dart slug, an endoplasm, a quokka and a goblin.

Vanquished Creatures
  5 bats (D:1)
  2 endoplasms (D:1)
  3 goblins (D:1)
  2 hobgoblins (D:1)
  4 jackals (D:1)
  2 kobolds (D:1)
  A ball python (D:1)
  A frilled lizard (D:1)
  2 rats (D:1)
22 creatures vanquished.

Notes
Turn   | Place    | Note
-------+----------+-------------------------------------------
     0 | D:1      | DocClef the Draconian Fighter began the quest for the Orb.
     0 | D:1      | Reached XP level 1. HP: 19/19 MP: 1/1
   228 | D:1      | Reached skill level 4 in Fighting
   228 | D:1      | Reached XP level 2. HP: 15/27 MP: 2/2
   846 | D:1      | Slain by a goblin

Illustrated notes

Levels and vault maps discovered:
D:1:      dpeg_arrival_subterranean_lakeside_camping, layout_basic,
          st_stairs_14, hex_large

Skill      XL: |  1 |
---------------+----+-----
Fighting       | 4 |  4.5
Axes           | |  2.0
Dodging        | |  2.6
Shields        | |  3.0

Action                   || total
-------------------------++-------
Melee: War axe           ||    69
       Tailslap          ||     4
 Stab: Sleeping          ||     1
Armor: Skin              ||    25
Dodge: Dodged            ||    57
Block: Buckler           ||    21

Table legend: (Time is in decaauts)
 A = Elapsed time spent in this place.
 B = Non-inter-level travel time spent in this place.
 C = Inter-level travel time spent in this place.
 D = Time resting spent in this place.
 E = Time spent auto-exploring this place.
 F = Levels seen in this place.
 G = Mean time per level.
                   A        B        C        D        E       F      G
               +--------+--------+--------+--------+--------+-----+--------+
         Total |    878 |    878 |      0 |      0 |    722 |   1 |  878.0 |
       Dungeon |    878 |    878 |      0 |      0 |    722 |   1 |  878.0 |
               +--------+--------+--------+--------+--------+-----+--------+

Top non-repeatable levels by time:
     D:1: 878 daAuts
